 Dungeon Crawl Stone Soup version 0.31-a0-430-gf8416d752b (webtiles) character file.

Game seed: 10400960501713491551

1617 Impy the Conjurer (level 8, -2/60 HPs)
             Began as a Gnoll Wanderer on July 31, 2023.
             Was an Initiate of Vehumet.
             Slain by a meliai (3 damage)
             ... on level 6 of the Dungeon.
             The game lasted 00:16:21 (6082 turns).

Impy the Conjurer (Gnoll Wanderer)                  Turns: 6082, Time: 00:16:22

Health: -2/60      AC:  4    Str: 14    XL:     8   Next: 96%
Magic:  4/17       EV: 12    Int: 20    God:    Vehumet [......]
Gold:   177        SH:  0    Dex:  9    Spells: 8/19 levels left

rFire   . . .        g - staff of cold
rCold   + . .        (no shield)
rNeg    . . .        (no body armour)
rPois   .            r - +0 helmet
rElec   .            p - +1 cloak
rCorr   .            (no gloves)
SInv    .            c - +0 pair of boots
Will    .....        (no amulet)
Stlth   +++          d - +6 ring of intelligence
HPRegen 0.30/turn    m - ring of wizardry
MPRegen 0.15/turn

%: wizardry (x1)
@: frozen, very slow
A: fangs 1, strong nose, distributed training
a: Renounce Religion


You were on level 6 of the Dungeon.
You worshipped Vehumet.
Vehumet was noncommittal.
You visited 2 branches of the dungeon, and saw 7 of its levels.

You collected 287 gold pieces.
You spent 110 gold pieces at shops.

Inventory:

Hand Weapons
 a - a +0 club
Armour
 c - a +0 pair of boots (worn)
 n - a +0 buckler
 p - a +1 cloak (worn)
 r - a +0 helmet (worn)
Magical Staves
 g - a staff of cold (weapon)
Jewellery
 d - a +6 ring of intelligence (left hand)
 m - a ring of wizardry (right hand)
Wands
 l - a wand of polymorph (16)
 u - a wand of roots (7)
Scrolls
 h - 4 scrolls of identify
 j - a scroll of poison
 k - 2 scrolls of fog
 o - a scroll of amnesia
Potions
 b - 3 potions of might
 e - a potion of brilliance
 f - 3 potions of curing
 i - a potion of attraction
 q - 3 potions of mutation
 t - a potion of enlightenment


   Skills:
 + Level 3.8 Fighting
 + Level 3.8 Short Blades
 + Level 3.8 Long Blades
 + Level 3.8 Axes
 + Level 3.8 Maces & Flails
 + Level 3.8 Polearms
 + Level 3.8 Staves
 + Level 3.8 Ranged Weapons
 + Level 3.8 Throwing
 + Level 6.0 Armour
 + Level 3.8 Dodging
 + Level 5.7 Stealth
 + Level 3.8 Shields
 + Level 3.8 Unarmed Combat
 + Level 6.3 Spellcasting
 + Level 6.3 Conjurations
 + Level 3.1 Hexes
 + Level 3.1 Summonings
 + Level 3.1 Necromancy
 + Level 3.1 Translocations
 + Level 3.1 Transmutations
 + Level 3.1 Fire Magic
 + Level 3.1 Ice Magic
 + Level 3.1 Air Magic
 + Level 3.8 Earth Magic
 + Level 3.1 Poison Magic
 + Level 4.1 Invocations
 + Level 3.8 Evocations
 + Level 3.1 Shapeshifting


You had 8 spell levels left.
You knew the following spells:

 Your Spells              Type           Power      Damage    Failure   Level
a - Magic Dart            Conj           100%       1d8       1%          1
b - Freeze                Ice            100%       1d10      1%          1
c - Hailstorm             Conj/Ice       38%        3d9       1%          3
d - Frozen Ramparts       Ice            56%        1d9       3%          3
e - Stone Arrow           Conj/Erth      52%        3d10      1%          3

Your spell library contained the following spells:

 Spells                   Type           Power      Damage    Failure   Level
 Apportation              Tloc           36%        N/A       1%          1
 Necrotise                Necr           72%        1d7       1%          1
 Sandblast                Erth           42%        2d11      1%          1
 Shock                    Conj/Air       100%       1d9       1%          1
 Slow                     Hex            72%        N/A       1%          1
 Summon Small Mammal      Summ           72%        N/A       1%          1
 Momentum Strike          Conj/Tloc      50%        3d9       1%          2
 Mephitic Cloud           Conj/Pois/Air  23%        N/A       2%          3
 Confusing Touch          Hex            18%        N/A       3%          3
 Vampiric Draining        Necr           18%        2d7       3%          3
 Cause Fear               Hex            9%         N/A       12%         4
 Freezing Cloud           Conj/Ice/Air   17%        6-21      21%         5
 Maxwell's Capacitive Co  Air            9%         ∞         100%        8


Dungeon Overview and Level Annotations

Branches:
Dungeon (6/15)             Temple (1/1) D:6

Altars:
Cheibriados
Fedhas
Hepliaklqana
Kikubaaqudgha
Makhleb
Nemelex Xobeh
Okawaru
Qazlal
Sif Muna
Trog
Uskayaw
Vehumet
Xom
Yredelemnul
Zin
The Shining One

Shops:
D:2 [   D:4 !

Annotations:
D:3 3 runed translucent doors, Tutankhamun's ghost, amateur DsGl
Temple 2 transporters


Innate Abilities, Weirdness & Mutations

You have very sharp teeth.
Your uncanny sense of smell can sniff out nearby items.
Your experience applies equally to all skills.


Message History

Okay, then.
Aiming: Polymorph
Press: ? - help, Shift-Dir - straight line, f/p - ice beast
Aim: an ice beast (lightly wounded, will become a hornet, a meliai, or a frilled lizard, chance to affect: 59%)
The ice beast evaporates and reforms as a meliai!
The meliai hits you. The meliai stings you! The meliai hits you.
The meliai stings you.
Aiming: Polymorph
Press: ? - help, Shift-Dir - straight line, f/p - meliai
Aim: a meliai (will become a tengu, a fire bat, or a rime drake, chance to affect: 59%)
The meliai evaporates and reforms as a rime drake!
The rime drake bites you.
* * * LOW HITPOINT WARNING * * *
You feel much better. The rime drake breathes ice at you.
The icy flash freeze hits you! You partially resist.
You are encased in ice.
Aiming: Polymorph
Press: ? - help, Shift-Dir - straight line, f/p - rime drake
Aim: a rime drake (will become a meliai, a golden eye, or a killer bee, chance to affect: 59%)
The rime drake resists with significant effort.
The rime drake bites you.
Aiming: Polymorph
Press: ? - help, Shift-Dir - straight line, f/p - rime drake
Aim: a rime drake (will become a meliai, a golden eye, or a killer bee, chance to affect: 59%)
The rime drake resists with significant effort.
The ice encasing you melts away. The rime drake closely misses you.
The rime drake breathes ice at you. The icy flash freeze hits you!!
You partially resist.
* * * LOW HITPOINT WARNING * * *
You are encased in ice.
Aiming: Polymorph
Press: ? - help, Shift-Dir - straight line, f/p - rime drake
Aim: a rime drake (catching its breath, will become a meliai, a golden eye, or a killer bee, chance to affect: 59%)
The rime drake evaporates and reforms as a meliai!
The meliai hits you.
* * * LOW HITPOINT WARNING * * *
The meliai stings you.
You die...

.....#.# .....#.#
.....#.###########
.....+..........>#
.....#.#########.#
†....#.# #.#
.#.....# #.#
.#.##### #.# ...#
#@# .#.# #y# ##.#
#S# ### #g#
#########.#
..!.......# #####
..........# .....
..........# ..##
.....S...##


You could see a water moccasin, a meliai and a gnoll.

Vanquished Creatures
  2 water moccasins (D:6)
  A sky beast (D:6)
  3 ogres (D:5)
  A phantom (D:3)
  2 bullfrogs (D:6)
  4 scorpions
  3 hounds (D:5)
  An orc priest (D:6)
  2 jellies (D:5)
  A gnoll bouda (D:6)
  Crazy Yiuf (D:2)
  5 iguanas
  Terence (D:2)
  11 adders
  4 gnolls
  An ufetubus (D:5)
  4 worms
  3 dart slugs (D:2)
  6 orcs
  9 bats
  2 endoplasms
  5 giant cockroaches
  A hobgoblin (D:4)
  5 kobolds
  7 quokkas
  13 ball pythons
  3 frilled lizards
  2 goblins (D:1)
  5 rats
108 creatures vanquished.

Notes
Turn   | Place    | Note
-------+----------+-------------------------------------------
     0 | D:1      | Impy the Gnoll Wanderer began the quest for the Orb.
     0 | D:1      | Impy set off with the following items: a +0 club, a potion
                  | of might, a +0 ring mail; and the following spells
                  | available to memorise: Magic Dart, Shock, Sandblast,
                  | Momentum Strike, Stone Arrow.
     0 | D:1      | Reached XP level 1. HP: 13/13 MP: 6/6
    65 | D:1      | Learned a level 1 spell: Magic Dart
   278 | D:1      | Reached XP level 2. HP: 19/19 MP: 4/7
   551 | D:1      | Learned a level 1 spell: Freeze
   571 | D:1      | Reached skill level 5 in Spellcasting
   571 | D:1      | Reached XP level 3. HP: 25/25 MP: 1/9
   579 | D:1      | Reached skill level 1 in Invocations
   897 | D:2      | Reached skill level 1 in Fighting
   897 | D:2      | Reached skill level 1 in Short Blades
   897 | D:2      | Reached skill level 1 in Long Blades
   897 | D:2      | Reached skill level 1 in Axes
   897 | D:2      | Reached skill level 1 in Maces & Flails
   897 | D:2      | Reached skill level 1 in Polearms
   897 | D:2      | Reached skill level 1 in Staves
   897 | D:2      | Reached skill level 1 in Ranged Weapons
   897 | D:2      | Reached skill level 1 in Throwing
   897 | D:2      | Reached skill level 1 in Dodging
   897 | D:2      | Reached skill level 1 in Shields
   897 | D:2      | Reached skill level 1 in Unarmed Combat
   897 | D:2      | Reached skill level 1 in Evocations
  1047 | D:2      | Reached XP level 4. HP: 32/32 MP: 7/11
  1114 | D:2      | Reached skill level 1 in Hexes
  1114 | D:2      | Reached skill level 1 in Summonings
  1114 | D:2      | Reached skill level 1 in Necromancy
  1114 | D:2      | Reached skill level 1 in Translocations
  1114 | D:2      | Reached skill level 1 in Transmutations
  1114 | D:2      | Reached skill level 1 in Fire Magic
  1114 | D:2      | Reached skill level 1 in Ice Magic
  1114 | D:2      | Reached skill level 1 in Air Magic
  1114 | D:2      | Reached skill level 1 in Poison Magic
  1114 | D:2      | Reached skill level 1 in Shapeshifting
  1163 | D:2      | Learned a level 3 spell: Hailstorm
  1608 | D:2      | Learned a level 3 spell: Frozen Ramparts
  1818 | D:2      | Reached XP level 5. HP: 37/37 MP: 6/12
  1949 | D:2      | Noticed Terence
  1954 | D:2      | Killed Terence
  2183 | D:2      | Found a runed translucent door.
  2184 | D:2      | Noticed Crazy Yiuf
  2233 | D:2      | Found Jiest's Antique Armour Boutique.
  2484 | D:2      | Killed Crazy Yiuf
  2632 | D:3      | Noticed a phantom
  2640 | D:3      | Killed a phantom
  2641 | D:3      | Reached XP level 6. HP: 41/44 MP: 5/14
  2714 | D:3      | Noticed Tutankhamun's ghost (amateur DsGl)
  2759 | D:3      | Reached skill level 5 in Armour
  2811 | D:3      | Found a runed translucent gate.
  2811 | D:3      | Found a runed translucent gate.
  2811 | D:3      | Found a runed translucent gate.
  3187 | D:3      | Learned a level 3 spell: Stone Arrow
  3962 | D:4      | Found Boblivao's Distillery.
  3966 | D:4      | Bought a potion of curing for 30 gold pieces
  3966 | D:4      | Bought a potion of heal wounds for 50 gold pieces
  3966 | D:4      | Bought a potion of curing for 30 gold pieces
  4152 | D:5      | Entered Level 5 of the Dungeon
  4155 | D:5      | Reached XP level 7. HP: 50/50 MP: 8/15
  4517 | D:5      | Found a glowing silver altar of Zin.
  4517 | D:5      | Found a hide-covered altar of Uskayaw.
  4607 | D:5      | Reached skill level 5 in Stealth
  4932 | D:5      | Reached XP level 8. HP: 58/58 MP: 2/16
  5390 | D:6      | Found a stormy altar of Qazlal.
  5397 | D:6      | Identified a scroll of acquirement
  5397 | D:6      | Acquired the Guide on Fascination and the Sixfirhy
  5837 | D:6      | Found a staircase to the Ecumenical Temple.
  5849 | Temple   | Found a transporter.
  5849 | Temple   | Found a transporter.
  5849 | Temple   | Found a transporter.
  5849 | Temple   | Found a transporter.
  5849 | Temple   | Entered the Ecumenical Temple
  5864 | Temple   | Became a worshipper of Vehumet
  6077 | D:6      | an ice beast changed into a meliai
  6077 | D:6      | Noticed a meliai
  6078 | D:6      | a meliai changed into a rime drake
  6078 | D:6      | Noticed a rime drake
  6082 | D:6      | a rime drake changed into a meliai
  6082 | D:6      | Noticed a meliai
  6082 | D:6      | HP: 1/60 [meliai (4)]
  6082 | D:6      | Slain by a meliai

Illustrated notes

Levels and vault maps discovered:
D:1:      scummos_arrival_gate, layout_rooms, chequers_serial_rivers_micro_a,
          minmay_cupped
D:2:      layout_basic, serial_shops, nicolae_shop_crystal,
          nicolae_houndstooth_variations, uniq_terence, uniq_crazy_yiuf_cottage
D:3:      layout_basic, gammafunk_ghost_icy, corexii_corridor_pit
D:4:      layout_gridville, serial_shops, shop
D:5:      layout_cave_pools, gammafunk_temple_overflow_elements
D:6:      layout_basic, grunt_qazlal_clouds, minmay_temple_entry_proselytizer,
          serial_shops, shop
Temple:   hellmonk_temple_divided_pantheon

Skill      XL: |  1  2  3  4  5  6  7  8 |
---------------+-------------------------+-----
Earth Magic    | 2 3 |  3.8
Spellcasting   | 5 6 |  6.3
Invocations    | 1 2 3 4 |  4.1
Fighting       | 1 2 3 |  3.8
Short Blades   | 1 2 3 |  3.8
Long Blades    | 1 2 3 |  3.8
Axes           | 1 2 3 |  3.8
Maces & Flails | 1 2 3 |  3.8
Polearms       | 1 2 3 |  3.8
Staves         | 1 2 3 |  3.8
Ranged Weapons | 1 2 3 |  3.8
Throwing       | 1 2 3 |  3.8
Dodging        | 1 2 3 |  3.8
Shields        | 1 2 3 |  3.8
Unarmed Combat | 1 2 3 |  3.8
Evocations     | 1 2 3 |  3.8
Hexes          | 1 2 3 |  3.1
Summonings     | 1 2 3 |  3.1
Necromancy     | 1 2 3 |  3.1
Translocations | 1 2 3 |  3.1
Transmutations | 1 2 3 |  3.1
Fire Magic     | 1 2 3 |  3.1
Ice Magic      | 1 2 3 |  3.1
Air Magic      | 1 2 3 |  3.1
Poison Magic   | 1 2 3 |  3.1
Shapeshifting  | 1 2 3 |  3.1
Armour         | 5 6 |  6.0
Stealth        | 5 |  5.7
Conjurations   | 6 |  6.3

Action                     |  1- 3 |  4- 6 |  7- 9 || total
---------------------------+-------+-------+-------++-------
  Melee: Staff             |     9 |       |     1 ||    10
         Bite              |     1 |       |       ||     1
   Cast: Magic Dart        |    57 |    89 |    67 ||   213
         Freeze            |     3 |    18 |    11 ||    32
         Hailstorm         |       |     3 |       ||     3
         Frozen Ramparts   |       |     1 |     1 ||     2
         Stone Arrow       |       |     7 |    35 ||    42
  Evoke: Wand              |       |       |     5 ||     5
    Use: Potion            |     1 |       |     1 ||     2
         Scroll            |       |     6 |     5 ||    11
 Armour: Ring mail         |     4 |       |       ||     4
         Skin              |       |     1 |     5 ||     6
  Dodge: Dodged            |    10 |    13 |    10 ||    33

Table legend: (Time is in decaauts)
 A = Elapsed time spent in this place.
 B = Non-inter-level travel time spent in this place.
 C = Inter-level travel time spent in this place.
 D = Time resting spent in this place.
 E = Time spent auto-exploring this place.
 F = Levels seen in this place.
 G = Mean time per level.
                   A        B        C        D        E       F      G
               +--------+--------+--------+--------+--------+-----+--------+
         Total |   6083 |   5922 |    161 |      0 |   5273 |   7 |  869.0 |
       Dungeon |   6052 |   5891 |    161 |      0 |   5273 |   6 | 1008.7 |
        Temple |     30 |     30 |      0 |      0 |      0 |   1 |   30.0 |
               +--------+--------+--------+--------+--------+-----+--------+

Top non-repeatable levels by time:
     D:2: 1575 daAuts
     D:5: 1178 daAuts
     D:4: 1034 daAuts
     D:1: 987 daAuts
     D:3: 726 daAuts
     D:6: 549 daAuts
  Temple: 30 daAuts
